 Dungeon Crawl Stone Soup version 0.28-a0-925-gd5e1996cdb (webtiles) character file.

Game seed: 8392622835757347706

56 AvatarAndi78 the Chopper (level 3, -5/33 HPs)
             Began as a Minotaur Berserker on Nov 26, 2021.
             Was a Follower of Trog.
             Slain by a gnoll (10 damage)
             ... on level 1 of the Dungeon.
             The game lasted 00:01:25 (789 turns).

AvatarAndi78 the Chopper (Minotaur Berserker)        Turns: 789, Time: 00:01:27

Health: -5/33      AC:  5    Str: 22    XL:     3   Next: 71%
Magic:  2/2        EV: 11    Int:  4    God:    Trog [*.....]
Gold:   53         SH:  0    Dex:  9    Spells: 2/2 levels left

rFire   . . .      SeeInvis .   a - +0 hand axe
rCold   . . .      Faith    .   (no shield)
rNeg    . . .      Spirit   .   d - +0 ring mail
rPois   .          Reflect  .   (helmet restricted)
rElec   .          Harm     .   (no cloak)
rCorr   .          Rampage  .   (no gloves)
Will    .....                   (no boots)
Stlth   ..........              (no amulet)
HPRegen 0.11/turn               (no ring)
MPRegen 0.08/turn               (no ring)

@: on berserk cooldown, slowed, very slow
A: horns 2, retaliatory headbutt
a: Renounce Religion, Berserk


You were on level 1 of the Dungeon.
You worshipped Trog.
Trog was aware of your devotion.
You visited 1 branch of the dungeon, and saw 2 of its levels.

You collected 53 gold pieces.

Inventory:

Hand Weapons
 a - a +0 hand axe (weapon)
Armour
 d - a +0 ring mail (worn)
Scrolls
 b - 2 scrolls of teleportation {unknown}
Potions
 c - a potion of brilliance {unknown}
 e - a potion of heal wounds {unknown}


   Skills:
 + Level 4.2 Fighting
 + Level 4.6 Axes
 + Level 2.9 Armour
 + Level 2.7 Dodging


You had 2 spell levels left.
You didn't know any spells.
Your spell library was empty.

Dungeon Overview and Level Annotations

Branches:
Dungeon (2/15)

Altars:


Innate Abilities, Weirdness & Mutations

You have a pair of horns on your head.
You reflexively headbutt those who attack you in melee.


Message History

A hobgoblin comes into view.
Things that are here:
a +0 flail; a gnoll corpse The hobgoblin shouts!
You hear a shout!
The hobgoblin hits you.
The hobgoblin hits you but does no damage.
There is a stone staircase leading up here.
You hit the hobgoblin.
The hobgoblin is almost dead.
The hobgoblin closely misses you.
You hit the hobgoblin.
You kill the hobgoblin!
Trog accepts your kill.
A gnoll comes into view. It is wielding a +0 flail.
The gnoll moves out of view.
A gnoll comes into view. It is wielding a +0 whip.
The gnoll shouts!
A gnoll comes into view. It is wielding a +0 halberd.
You closely miss the gnoll.
The gnoll shouts!
The gnoll hits you with a +0 whip.
A dart slug comes into view.
The gnoll hits you from afar with a +0 halberd.
The gnoll hits you with a +0 whip.
An endoplasm comes into view.
The gnoll misses you. You furiously retaliate!
You headbutt the gnoll. The gnoll barely misses you.
There is a stone staircase leading up here.
The gnoll barely misses you. You furiously retaliate!
You headbutt the gnoll, but do no damage.
The gnoll closely misses you. The gnoll hits you with a +0 flail!
You climb upwards.
There is a stone staircase leading down here.
You hit the gnoll.
The gnoll is moderately wounded.
You hit the gnoll. The gnoll hits you with a +0 whip!
* * * LOW HITPOINT WARNING * * *
The gnoll closely misses you. You furiously retaliate!
You headbutt the gnoll! The gnoll barely misses you.
The gnoll hits you with a +0 flail!
You die...

#(# ##.#.## #.# #.#.# #.#
##.###.###.# #.#.# #.#
#.##....)..# #...#
#.#####........#####..#####
#.......≈≈≈................
#######.≈_≈....###.##.##...
#.≈≈≈...)....##.##.#.
#...g.##........##.#)
####@.##.######.##.#.
#.g##.# #.##.#. #..##.#
#.##.#. #.....# ##.##.#.
##.#### ##...#... ###.#
#####..#...#. #...#
#.....###..#.
#.#.###.###..#...#.
#.#.##...#........)


You could see 2 gnolls.

Vanquished Creatures
  3 gnolls (D:2)
  2 dart slugs (D:1)
  4 ball pythons (D:1)
  A giant cockroach (D:1)
  3 goblins (D:1)
  2 hobgoblins
  A quokka (D:1)
  A bat (D:1)
  5 kobolds (D:1)
  A rat (D:1)
23 creatures vanquished.

Vanquished Creatures (others)
  10 plants (D:2)
10 creatures vanquished.

Grand Total: 33 creatures vanquished

Notes
Turn   | Place    | Note
-------+----------+-------------------------------------------
     0 | D:1      | AvatarAndi78 the Minotaur Berserker began the quest for the
                  | Orb.
     0 | D:1      | Reached XP level 1. HP: 19/19 MP: 0/0
   298 | D:1      | Reached XP level 2. HP: 27/27 MP: 1/1
   483 | D:1      | Found a faded altar of an unknown god.
   765 | D:2      | Reached XP level 3. HP: 33/33 MP: 2/2
   789 | D:1      | Slain by a gnoll

Illustrated notes

Levels and vault maps discovered:
D:1:      minmay_arrival_five_plusses, layout_loops_ring,
          hellmonk_ecumenical_altar_pennies_from_heaven, minmay_cut_off
D:2:      cheibrodos_helix_gallery, layout_loops_corners, basic_altar,
          kennysheep_flooded_box, nicolae_grassy_gnolls

Skill      XL: |  1  2 |
---------------+-------+-----
Axes           | 4 |  4.6
Fighting       | 4 |  4.2
Armour         | |  2.9
Dodging        | |  2.7

Action                   || total
-------------------------++-------
Melee: Hand axe          ||    48
       Headbutt          ||     5
Invok: Berserk           ||     1
Armor: Ring mail         ||    17
Dodge: Dodged            ||    30

Table legend: (Time is in decaauts)
 A = Elapsed time spent in this place.
 B = Non-inter-level travel time spent in this place.
 C = Inter-level travel time spent in this place.
 D = Time resting spent in this place.
 E = Time spent auto-exploring this place.
 F = Levels seen in this place.
 G = Mean time per level.
                   A        B        C        D        E       F      G
               +--------+--------+--------+--------+--------+-----+--------+
         Total |    799 |    773 |     26 |      0 |    621 |   2 |  399.5 |
       Dungeon |    799 |    773 |     26 |      0 |    621 |   2 |  399.5 |
               +--------+--------+--------+--------+--------+-----+--------+

Top non-repeatable levels by time:
     D:1: 763 daAuts
     D:2: 36 daAuts
